[ AOE2 MATCH · #506656790 ]
UnrankedTurks vs Wu
Player's team · LOSS
Rival team · WIN
[ REPLAY ANALYSIS · EXTRACTED FROM THE RECORDED GAME ]
Feudal
14:27
Castle
20:13
Imperial
—
| APM avg | 46.4 |
| APM peak | 69 |
| eAPM avg | 25.6 |
| Villagers / military | 50 / 3 |
Focus
⚔️ 31.8% · 🌾 68.2%
Mangonel ×3
Feudal
12:42
Castle
26:25
Imperial
—
| APM avg | 59.6 |
| APM peak | 81 |
| eAPM avg | 26.6 |
| Villagers / military | 56 / 19 |
Focus
⚔️ 22.4% · 🌾 77.6%
Archer ×14 · Militia ×5 · Unknown (1974) ×5
Match map
Initial resources + every placement click. Lines = walls · curves = elevation contours. ◆ gold · ⬟ stone · ● berries · ✦ relic · ◌ wall gap
Your base· Open — unwalled flank
Leonidas's base· Open — 10t gap
Smoothed initial terrain · ◌ = detected wall gap · hover for details
Inputs per minute
— Hannibal - - Leonidas
Build order — Hannibal
118 actions detected in the replay
| 0:41 | Build | Town Center |
| 2:27 | Build | House |
| 2:27 | Build | House |
| 2:37 | Queue | Villager (Male) |
| 2:38 | Queue | Villager (Male) |
| 2:38 | Queue | Villager (Male) |
| 2:43 | Queue | Villager (Male) |
| 4:00 | Queue | Villager (Male) |
| 4:30 | Queue | Villager (Male) |
| 4:56 | Queue | Villager (Male) |
| 5:28 | Queue | Villager (Male) |
| 5:34 | Build | Palisade Wall |
| 5:40 | Build | Palisade Wall |
| 5:46 | Queue | Villager (Male) |
| 5:51 | Build | Palisade Wall |
| 5:58 | Queue | Villager (Male) |
| 6:04 | Build | Palisade Wall |
| 6:17 | Queue | Villager (Male) |
| 6:28 | Build | House |
| 6:38 | Queue | Villager (Male) |
| 6:43 | Queue | Villager (Male) |
| 6:43 | Queue | Villager (Male) |
| 6:57 | Build | House |
| 7:06 | Queue | Villager (Male) |
| 7:26 | Build | Mill |
| 7:34 | Queue | Villager (Male) |
| 7:54 | Queue | Villager (Male) |
| 8:17 | Build | Mining Camp |
| 8:29 | Queue | Villager (Male) |
| 8:38 | Build | Mining Camp |
| 8:50 | Build | Palisade Gate |
| 9:01 | Build | Palisade Gate |
| 9:04 | Queue | Villager (Male) |
| 9:12 | Build | Palisade Gate |
| 9:16 | Build | House |
| 9:18 | Queue | Villager (Male) |
| 9:20 | Queue | Villager (Male) |
| 9:29 | Build | House |
| 9:34 | Queue | Villager (Male) |
| 9:59 | Build | Palisade Gate |
| 10:02 | Queue | Villager (Male) |
| 10:22 | Queue | Villager (Male) |
| 10:26 | Research | Loom |
| 10:56 | Queue | Villager (Male) |
| 11:05 | Build | Palisade Wall |
| 11:06 | Build | Palisade Wall |
| 11:07 | Build | Palisade Wall |
| 11:08 | Build | House |
| 11:09 | Queue | Villager (Male) |
| 11:25 | Build | Palisade Wall |
| 11:31 | Queue | Villager (Male) |
| 11:39 | Queue | Villager (Male) |
| 11:48 | Build | House |
| 12:17 | Research | Feudal Age |
| 12:33 | Build | Mining Camp |
| 12:55 | Build | Palisade Wall |
| 13:10 | Build | Palisade Wall |
| 13:52 | Build | House |
| 14:20 | Build | House |
| 14:24 | Queue | Villager (Male) |
| 14:25 | Queue | Villager (Male) |
| 14:27 | Age | Feudal Age |
| 14:32 | Build | Watch Tower |
| 14:44 | Build | Market |
| 14:55 | Build | House |
| 15:07 | Build | Market |
| 15:15 | Queue | Villager (Male) |
| 15:23 | Build | Gate |
| 15:26 | Build | Gate |
| 15:42 | Queue | Villager (Male) |
| 15:59 | Build | Blacksmith |
| 16:05 | Build | Stone Wall |
| 16:08 | Build | Stone Wall |
| 16:09 | Build | Stone Wall |
| 16:13 | Queue | Villager (Male) |
| 16:48 | Build | Watch Tower |
| 16:50 | Queue | Villager (Male) |
| 17:12 | Build | Palisade Wall |
| 17:27 | Build | Stone Wall |
| 17:33 | Research | Castle Age |
| 17:36 | Build | Stone Wall |
| 17:40 | Build | Watch Tower |
| 17:43 | Build | Watch Tower |
| 18:17 | Build | Stone Wall |
| 18:37 | Build | Mining Camp |
| 19:31 | Build | Lumber Camp |
| 19:51 | Research | Padded Archer Armor |
| 19:51 | Research | Padded Archer Armor |
| 20:13 | Age | Castle Age |
| 20:16 | Queue | Villager (Male) |
| 20:26 | Queue | Villager (Male) |
| 21:01 | Queue | Villager (Male) |
| 21:02 | Queue | Villager (Male) |
| 21:07 | Build | Castle |
| 21:28 | Queue | Villager (Male) |
| 21:28 | Queue | Villager (Male) |
| 21:29 | Queue | Villager (Male) |
| 22:14 | Queue | Villager (Male) |
| 22:30 | Queue | Villager (Male) |
| 22:33 | Build | Siege Workshop |
| 22:57 | Build | Mining Camp |
| 22:59 | Build | Farm |
| 22:59 | Build | Farm |
| 23:05 | Build | Mill |
| 23:27 | Build | Siege Workshop |
| 24:05 | Build | Farm |
| 24:11 | Queue | Mangonel |
| 24:42 | Queue | Villager (Male) |
| 25:09 | Queue | Mangonel |
| 25:32 | Build | Farm |
| 25:49 | Queue | Villager (Male) |
| 26:16 | Queue | Villager (Male) |
| 26:29 | Queue | Villager (Male) |
| 26:39 | Queue | Villager (Male) |
| 26:44 | Build | Market |
| 27:30 | Queue | Villager (Male) |
| 28:09 | Queue | Mangonel |
| 28:29 | Queue | Villager (Male) |
Build order — Leonidas
First 150 of 156 actions detected
| 0:11 | Build | Town Center |
| 0:15 | Build | House |
| 2:09 | Queue | Villager (Male) |
| 2:09 | Queue | Villager (Male) |
| 2:10 | Queue | Villager (Male) |
| 2:10 | Queue | Villager (Male) |
| 2:10 | Queue | Villager (Male) |
| 3:15 | Queue | Villager (Male) |
| 3:57 | Queue | Villager (Male) |
| 4:12 | Queue | Villager (Male) |
| 4:17 | Build | House |
| 4:50 | Queue | Villager (Male) |
| 4:54 | Build | Mill |
| 5:16 | Queue | Villager (Male) |
| 5:51 | Queue | Villager (Male) |
| 6:00 | Build | House |
| 6:14 | Research | Loom |
| 6:25 | Queue | Villager (Male) |
| 6:44 | Queue | Villager (Male) |
| 6:44 | Queue | Villager (Male) |
| 6:58 | Build | House |
| 7:05 | Build | House |
| 7:11 | Queue | Villager (Male) |
| 7:40 | Queue | Villager (Male) |
| 7:43 | Build | Barracks |
| 7:54 | Queue | Villager (Male) |
| 8:17 | Build | House |
| 8:54 | Queue | Villager (Male) |
| 9:18 | Queue | Villager (Male) |
| 9:22 | Build | House |
| 9:45 | Build | Palisade Gate |
| 9:56 | Build | House |
| 10:02 | Queue | Villager (Male) |
| 10:12 | Build | House |
| 10:32 | Research | Feudal Age |
| 10:37 | Queue | Militia |
| 10:44 | Queue | Militia |
| 10:47 | Build | House |
| 11:16 | Queue | Militia |
| 11:33 | Build | Mining Camp |
| 11:58 | Build | House |
| 12:07 | Queue | Villager (Male) |
| 12:29 | Build | House |
| 12:31 | Build | Palisade Wall |
| 12:42 | Age | Feudal Age |
| 12:45 | Research | Man-at-Arms (upgrade) |
| 12:54 | Queue | Villager (Male) |
| 12:58 | Build | Outpost |
| 13:00 | Research | Town Watch |
| 13:18 | Queue | Villager (Male) |
| 13:32 | Queue | Villager (Male) |
| 13:49 | Queue | Militia |
| 13:51 | Build | Outpost |
| 14:01 | Queue | Villager (Male) |
| 14:06 | Research | Arson |
| 14:06 | Research | Arson |
| 14:20 | Build | Watch Tower |
| 14:23 | Queue | Villager (Male) |
| 14:25 | Queue | Militia |
| 14:45 | Queue | Villager (Male) |
| 15:03 | Queue | Villager (Male) |
| 15:08 | Build | House |
| 15:18 | Build | House |
| 15:33 | Queue | Villager (Male) |
| 15:41 | Queue | Villager (Male) |
| 15:53 | Build | House |
| 15:55 | Build | Archery Range |
| 16:07 | Build | Mill |
| 16:23 | Build | Farm |
| 16:31 | Queue | Villager (Male) |
| 16:35 | Build | Outpost |
| 16:41 | Queue | Archer |
| 16:58 | Queue | Villager (Male) |
| 17:04 | Queue | Archer |
| 17:13 | Queue | Villager (Male) |
| 17:22 | Queue | Villager (Male) |
| 17:38 | Queue | Archer |
| 17:42 | Build | Outpost |
| 17:47 | Build | Farm |
| 18:05 | Build | Blacksmith |
| 18:11 | Queue | Archer |
| 18:31 | Queue | Villager (Male) |
| 18:32 | Queue | Archer |
| 18:44 | Queue | Villager (Male) |
| 18:51 | Queue | Archer |
| 18:51 | Queue | Villager (Male) |
| 19:01 | Build | Outpost |
| 19:08 | Build | Farm |
| 19:18 | Build | Watch Tower |
| 19:24 | Queue | Archer |
| 19:24 | Queue | Villager (Male) |
| 19:31 | Build | Farm |
| 19:44 | Build | Outpost |
| 19:56 | Build | Farm |
| 19:57 | Queue | Villager (Male) |
| 20:11 | Research | Fletching |
| 20:18 | Queue | Villager (Male) |
| 20:25 | Queue | Villager (Male) |
| 20:30 | Build | Watch Tower |
| 20:35 | Build | Farm |
| 20:37 | Build | House |
| 20:40 | Queue | Villager (Male) |
| 20:47 | Queue | Archer |
| 20:55 | Build | House |
| 20:59 | Queue | Archer |
| 21:00 | Build | Farm |
| 21:05 | Queue | Villager (Male) |
| 21:27 | Build | Palisade Gate |
| 21:38 | Build | Market |
| 21:42 | Queue | Villager (Male) |
| 21:59 | Queue | Villager (Male) |
| 22:00 | Queue | Archer |
| 22:25 | Build | House |
| 22:35 | Build | Stone Wall |
| 22:40 | Queue | Villager (Male) |
| 22:48 | Build | House |
| 22:51 | Build | Farm |
| 23:07 | Queue | Archer |
| 23:45 | Research | Castle Age |
| 23:46 | Queue | Villager (Male) |
| 23:51 | Build | House |
| 24:03 | Build | Lumber Camp |
| 24:09 | Build | Stone Wall |
| 24:10 | Build | Stone Wall |
| 24:11 | Build | Stone Wall |
| 24:12 | Build | Stone Wall |
| 24:14 | Queue | Archer |
| 24:25 | Research | Horse Collar |
| 24:45 | Queue | Villager (Male) |
| 25:11 | Queue | Archer |
| 25:19 | Build | Lumber Camp |
| 25:21 | Build | Mining Camp |
| 25:34 | Queue | Villager (Male) |
| 25:35 | Queue | Archer |
| 25:52 | Queue | Villager (Male) |
| 26:25 | Age | Castle Age |
| 26:29 | Queue | Villager (Male) |
| 26:34 | Queue | Unit 1974 |
| 27:08 | Queue | Unit 1974 |
| 27:10 | Build | Barracks |
| 27:13 | Research | Squires |
| 27:17 | Build | Town Center |
| 27:19 | Research | Double-Bit Axe |
| 27:29 | Research | Scale Mail Armor |
| 27:29 | Queue | Villager (Male) |
| 27:31 | Queue | Unit 1974 |
| 27:38 | Queue | Villager (Male) |
| 27:44 | Build | Farm |
| 28:08 | Queue | Villager (Male) |
| 28:15 | Queue | Unit 1974 |
Match timeline
| 5:34 | Hannibal · wall_segment Palisade Wall x1 |
| 5:40 | Hannibal · wall_segment Palisade Wall x1 |
| 5:51 | Hannibal · wall_segment Palisade Wall x1 |
| 6:04 | Hannibal · wall_segment Palisade Wall x1 |
| 7:43 | Leonidas · first_building Barracks |
| 11:05 | Hannibal · wall_segment Palisade Wall x1 |
| 11:06 | Hannibal · wall_segment Palisade Wall x1 |
| 11:07 | Hannibal · wall_segment Palisade Wall x1 |
| 11:25 | Hannibal · wall_segment Palisade Wall x1 |
| 12:31 | Leonidas · wall_segment Palisade Wall x1 |
| 12:42 | Leonidas · age_up feudal |
| 12:55 | Hannibal · wall_segment Palisade Wall x9 |
| 13:10 | Hannibal · wall_segment Palisade Wall x1 |
| 14:27 | Hannibal · age_up feudal |
| 15:55 | Leonidas · first_building Archery Range |
| 16:05 | Hannibal · wall_segment Stone Wall x1 |
| 16:08 | Hannibal · wall_segment Stone Wall x1 |
| 16:09 | Hannibal · wall_segment Stone Wall x1 |
| 17:01 | Hannibal · first_market_buy 100 food |
| 17:05 | Hannibal · first_market_sell 100 wood |
| 17:12 | Hannibal · wall_segment Palisade Wall x5 |
| 17:27 | Hannibal · wall_segment Stone Wall x5 |
| 17:36 | Hannibal · wall_segment Stone Wall x4 |
| 18:17 | Hannibal · wall_segment Stone Wall x1 |
| 20:13 | Hannibal · age_up castle |
| 21:07 | Hannibal · first_building Castle |
| 22:33 | Hannibal · first_building Siege Workshop |
| 22:35 | Leonidas · wall_segment Stone Wall x7 |
| 23:10 | Leonidas · first_market_sell 500 wood |
| 23:11 | Leonidas · first_market_buy 100 food |
| 24:09 | Leonidas · wall_segment Stone Wall x1 |
| 24:10 | Leonidas · wall_segment Stone Wall x1 |
| 24:11 | Leonidas · wall_segment Stone Wall x1 |
| 24:12 | Leonidas · wall_segment Stone Wall x1 |
| 26:25 | Leonidas · age_up castle |
| 28:38 | Hannibal · resign |
[ AI ANALYSIS · 1 CREDIT ]
What really happened in this match?
Wolo.gg analyzes every decision: build order, eco, micro, common mistakes by bracket. Personalized analysis on WhatsApp or Discord in 30 seconds.
Civ guide
Turks
Perfil
Jugador #1350868